 Dungeon Crawl Stone Soup version 0.18-a0-1514-g6ed9364 (webtiles) character file.

3813 ricky the Thaumaturge (level 9, -13/53 HPs)
             Began as a High Elf Air Elementalist on Mar 5, 2016.
             Was a High Priest of Sif Muna.
             Mangled by a komodo dragon (18 damage)
             ... on level 8 of the Dungeon on Mar 6, 2016.
             The game lasted 01:54:27 (13644 turns).

ricky the Thaumaturge (High Elf Air Elementalist)  Turns: 13644, Time: 01:54:27

Health: -13/53     AC:  4    Str:  7    XL:     9   Next: 97%
Magic:  7/23       EV: 14    Int: 23    God:    Sif Muna [*****.]
Gold:   320        SH:  0    Dex: 16    Spells: 5 memorised, 13 levels left

rFire  x . .     SeeInvis .     e - +1 spear (freeze)
rCold  + . .     Gourm    .     k - +0 robe {MR+}
rNeg   . . .     Faith    .     (no shield)
rPois  .         Spirit   .     (no helmet)
rElec  .         Dismiss  .     C - +0 cloak
rCorr  .         Reflect  .     (no gloves)
SustAt .         Harm     .     q - +0 pair of boots {run}
MR     +....                    (no amulet)
Stlth  +++.......               (no ring)
                                n - ring of ice

@: repel missiles, quick, somewhat resistant to hostile enchantments, fairly
stealthy
A: no striking features
a: Channel Energy, Forget Spell, Renounce Religion


You were on level 8 of the Dungeon.
You worshipped Sif Muna.
Sif Muna was extremely pleased with you.
You were hungry.

You visited 2 branches of the dungeon, and saw 9 of its levels.
You also visited: Sewer.

You collected 320 gold pieces.

Inventory:

Hand Weapons
 d - a +1 short sword
 e - a +1 spear of freezing (weapon)
 f - a +0 hunting sling
 t - a +0 dagger
 u - a +0 short sword
 E - a +2 quarterstaff of chaos
Armour
 k - a +0 robe of magic resistance (worn)
 q - a +0 pair of boots of running (worn)
 C - a +0 cloak (worn)
Jewellery
 l - an uncursed amulet of the gourmand
 n - a ring of ice (left hand)
Wands
 w - a wand of iceblast (9/15)
 x - a wand of lightning (0/15)
 A - a wand of iceblast (0/15)
Scrolls
 c - a scroll of fear
 r - 3 scrolls of teleportation
 y - 2 scrolls of immolation
Potions
 g - 7 potions of curing
 h - a potion of might
 j - a potion of lignification {unknown}
 m - a potion of cure mutation {unknown}
 o - a potion of magic {unknown}
 p - 4 potions of flight
 s - 2 potions of brilliance {unknown}
 v - a potion of agility {unknown}
Books
 b - a book of Air

   Spells                             Type                      Level
   a - Shock                          Conjuration/Air              1
   b - Swiftness                      Charms/Air                   2
   c - Repel Missiles                 Charms/Air                   2
   d - Static Discharge               Conjuration/Air              3
   e - Lightning Bolt                 Conjuration/Air              5
 B - a book of Transfigurations

   Spells                             Type                      Level
   a - Irradiate                      Conjuration/Transmutation    5
   b - Statue Form                    Transmutation/Earth          6
   c - Hydra Form                     Transmutation                6
   d - Dragon Form                    Transmutation                7
 F - a book of Unlife

   Spells                             Type                      Level
   a - Recall                         Summoning/Translocation      3
   b - Animate Dead                   Necromancy                   4
   c - Control Undead                 Necromancy                   4
   d - Cigotuvi's Embrace             Necromancy                   5
   e - Death Channel                  Necromancy                   6
   f - Simulacrum                     Ice/Necromancy               6
Comestibles
 D - 2 bread rations


   Skills:
 + Level 1.2 Fighting
 + Level 0.8 Short Blades
 + Level 4.2 Dodging
 + Level 3.6 Stealth
 + Level 9.4 Spellcasting
 + Level 7.9 Conjurations
 + Level 2.8 Charms
 + Level 9.4 Air Magic
 + Level 1.0 Evocations


You had 13 spell levels left.
You knew the following spells:

 Your Spells              Type           Power        Failure   Level  Hunger
a - Shock                 Conj/Air       ####         1%          1    None
b - Repel Missiles        Chrm/Air       #####.       1%          2    None
c - Swiftness             Chrm/Air       #####...     1%          2    None
d - Static Discharge      Conj/Air       ######..     1%          3    None
e - Lightning Bolt        Conj/Air       ######....   6%          5    ####...


Dungeon Overview and Level Annotations

Branches:
Dungeon (8/15)             Temple (1/1) D:4
   Lair: D:8-11

Altars:
Ashenzari
Cheibriados
Dithmenos
Gozag
Kikubaaqudgha
Nemelex Xobeh
Okawaru
Pakellas
Sif Muna
Vehumet
Zin

Shops:
D:7 *   D:8 (

Annotations:
D:8 Psyche


Message History

The komodo dragon bites you!
* * * LOW HITPOINT WARNING * * *
Casting: Shock
Confirm with . or Enter, or press ? or * to list all spells.
Aiming: Lightning Bolt
Press: ? - help, Shift-Dir - straight line, f/p - komodo dragon
Aim: a komodo dragon (almost dead)
You hear a mighty clap of thunder!
The bolt of lightning misses the komodo dragon.
The komodo dragon closely misses you.
Casting: Lightning Bolt
Confirm with . or Enter, or press ? or * to list all spells.
Aiming: Lightning Bolt
Press: ? - help, Shift-Dir - straight line, f/p - komodo dragon
Aim: a komodo dragon (almost dead)
You miscast Lightning Bolt.
Sif Muna protects you from the effects of your miscast!
You are feeling hungry.
The komodo dragon bites you!!
You die...

..###....##........####. 8.#
#....#####.##..# # ..# #....#
#.##..# ####.#( ..# ####.# #.#
#.####+##..... #.######.#####.#
#.........#.. #.#......<.....#
#.........#.# #.#.....########
#......<....#
#.#.....##########..###.##.#.#
#.#.............@#..###.##.#.##
#.#..............l...)........#
..#........(......).###.#####.###
######...........##..##.# #....
#...........###.##.#####.#..
####............##.##.#........
#...............##.##..........
#...............##.##.#.###..#.
#...............##..#.#.#......


You could see a komodo dragon.

Vanquished Creatures
  Prince Ribbit (D:7)
  2 humans (D:7)
  A hippogriff (D:8)
  Menkaure (D:6)
  Duvessa (D:6)
  A water moccasin (D:7)
  3 orc warriors
  A phantom (D:4)
  An ogre (D:6)
  A centaur (D:6)
  A crocodile (D:7)
  2 big kobolds
  4 giant frogs
  A scorpion (D:6)
  Dowan (D:7)
  3 wights (D:7)
  8 howler monkeys
  4 crimson imps
  2 centaur zombies (D:6)
  A giant frog zombie (D:7)
  3 hounds
  A quasit (D:7)
  Crazy Yiuf (D:7)
  2 orc priests
  3 iguanas
  7 orc wizards
  7 worker ants
  A hound skeleton (D:4)
  17 adders
  11 gnolls
  8 river rats (Sewer)
  2 adder skeletons
  A worm (D:3)
  2 giant geckos
  26 orcs
  9 giant cockroaches
  8 goblins
  14 hobgoblins
  6 jackals (D:5)
  30 kobolds
  3 quokkas
  6 ball pythons
  10 bats
  A giant cockroach zombie (D:5)
  2 giant gecko skeletons
  3 giant newts
  A quokka skeleton (D:4)
  24 rats
249 creatures vanquished.

Vanquished Creatures (others)
  A human (D:6)
  12 plants (D:8)
13 creatures vanquished.

Grand Total: 262 creatures vanquished

Notes
Turn   | Place    | Note
--------------------------------------------------------------
     0 | D:1      | ricky the High Elf Air Elementalist began the quest for the Orb.
     0 | D:1      | Reached XP level 1. HP: 11/11 MP: 4/4
   235 | D:1      | Reached XP level 2. HP: 17/17 MP: 1/6
  1127 | D:2      | Learned a level 2 spell: Repel Missiles
  1130 | D:2      | Learned a level 2 spell: Swiftness
  1385 | D:2      | Reached XP level 3. HP: 21/21 MP: 1/8
  1958 | D:3      | Found a glowing silver altar of Zin.
  2329 | D:3      | Reached XP level 4. HP: 27/27 MP: 6/9
  3705 | D:3      | Reached XP level 5. HP: 31/31 MP: 6/11
  3865 | D:4      | Found a staircase to the Ecumenical Temple.
  4219 | Temple   | Entered the Ecumenical Temple
  4226 | Temple   | Became a worshipper of Sif Muna the Loreminder
  4387 | D:4      | Reached skill level 5 in Air Magic
  4451 | D:4      | Learned a level 3 spell: Static Discharge
  4583 | D:4      | Reached XP level 6. HP: 27/36 MP: 7/13
  4635 | D:4      | Found a radiant altar of Vehumet.
  4650 | D:4      | Reached skill level 1 in Charms
  6083 | D:4      | Reached XP level 7. HP: 42/42 MP: 13/15
  6493 | D:5      | Entered Level 5 of the Dungeon
  6519 | D:5      | Reached skill level 5 in Spellcasting
  6606 | D:5      | Identified a +0 pair of boots of running (You found it on level 5 of the Dungeon)
  6669 | D:5      | Found an oddly glowing altar of Pakellas.
  6879 | D:5      | Found a glowing drain.
  6884 | Sewer    | Entered a sewer
  7343 | Sewer    | Reached * piety under Sif Muna
  8995 | D:6      | Found a snail-covered altar of Cheibriados.
  9062 | D:6      | Reached XP level 8. HP: 40/47 MP: 12/18
  9187 | D:6      | Reached skill level 5 in Conjurations
  9753 | D:6      | Reached ** piety under Sif Muna
  9819 | D:6      | Found a shattered altar of Ashenzari.
 10213 | D:6      | Noticed Menkaure
 10222 | D:6      | Killed Menkaure
 10589 | D:6      | Found an ancient bone altar of Kikubaaqudgha.
 10812 | D:6      | Upgraded the game from 0.18-a0-1507-g69458e0 to 0.18-a0-1514-g6ed9364
 10837 | D:7      | Noticed Prince Ribbit
 11049 | D:7      | Reached *** piety under Sif Muna
 11054 | D:7      | Reached XP level 9. HP: 28/52 MP: 13/22
 11155 | D:7      | Noticed Crazy Yiuf
 11160 | D:7      | Killed Crazy Yiuf
 11556 | D:7      | Learned a level 5 spell: Lightning Bolt
 11567 | D:7      | Found Meulur's Assorted Antiques.
 11628 | D:7      | Killed Prince Ribbit
 12219 | D:7      | Reached **** piety under Sif Muna
 12325 | D:7      | Noticed Duvessa
 12330 | D:7      | Noticed Dowan
 12333 | D:7      | Killed Dowan
 12359 | D:6      | Killed Duvessa
 12833 | D:7      | Found an iron altar of Okawaru.
 12858 | D:7      | Reached skill level 1 in Fighting
 13268 | D:8      | Reached ***** piety under Sif Muna
 13268 | D:8      | Reached skill level 1 in Evocations
 13514 | D:8      | Found Emymenk's Antique Weapon Emporium.
 13539 | D:8      | Noticed Psyche
 13641 | D:8      | Noticed a komodo dragon
 13644 | D:8      | Mangled by a komodo dragon

Vault maps used:
D:1:      sevenhm_arrival_forest_fort_small_3, minmay_misc_feat_tower,
          minmay_surrounded
D:3:      lemuel_round_altar, kennysheep_crisscross, minmay_fountain_box
D:4:      vehumet_crystals, temple_pool_a, first_bread
D:5:      grunt_pakellas_sulfur, gup_sewer_entry_bowl
D:6:      corexii_shack_village, lemuel_doored_altar, lemuel_crystal_altar,
          tgw_kikubaaqudgha, uniq_menkaure
D:7:      serial_shops, shop, okawaru_humans, uniq_duvessa, uniq_prince_ribbit1,
          uniq_crazy_yiuf_cottage
D:8:      old_standard_altar, david_lair_shrubbed, serial_shops,
          nicolae_shop_statue_plus, uniq_psyche
Temple:   triangle_lava_temple_12
Sewer:    sewer_minmay_treatment

Skill      XL: |  1  2  3  4  5  6  7  8  9 |
---------------+----------------------------+-----
Air Magic      | 4 5 7 8 9 |  9.4
Conjurations   | 2 3 4 6 7 |  7.9
Spellcasting   | 3 4 6 8 9 |  9.4
Charms         | 1 2 |  2.8
Dodging        | 3 4 |  4.2
Stealth        | 3 |  3.6
Fighting       | 1 |  1.2
Evocations     | 1 |  1.0
Short Blades   | |  0.8

Action                   |  1- 3 |  4- 6 |  7- 9 || total
-------------------------+-------+-------+-------++-------
Melee: Unarmed           |     1 |       |       ||     1
       Short sword       |     5 |     5 |       ||    10
 Cast: Shock             |    86 |   117 |   450 ||   653
       Repel Missiles    |     1 |       |     2 ||     3
       Swiftness         |     1 |     4 |    19 ||    24
       Lightning Bolt    |       |       |     8 ||     8
       Static Discharge  |       |       |     1 ||     1
Evoke: Wand              |       |       |    11 ||    11
  Use: Scroll            |     4 |     5 |     9 ||    18
       Potion            |       |       |     6 ||     6
  Eat: Bread ration      |     1 |     2 |     2 ||     5
       Meat ration       |       |     1 |     2 ||     3
       Fruit             |       |     1 |     1 ||     2
